AoeStats
← JoNaThAn11l11

Arabia

507547866Analyzed
1v1 RM · 12d ago on Sep 18, 2026· 32m 33s· 2 players
Game mode
Random Map
Map size
Tiny (2 player)
Population
200
Speed
Normal
Resources
Standard
Victory
Conquest
Starting age
Dark Age
Ending age
Imperial Age
RankedLock teamsTeams togetherTeam positionsShared explorationLock speedFull tech treeHidden civsTurbo modeCheats
Victory
Defeat
🇲🇽 Magyars · Mexico
840
+15
🇨🇴 Lithuanians · Colombia
816
-15
JoNaThAn11l11
7:10 Loom
10:00 Feudal Age
10:28 Double-Bit Axe
15:43 Wheelbarrow
18:00 Town Watch
20:53 Castle Age
18:44 Horse Collar
20:07 Gold Mining
21:21 Forging
22:22 Bow Saw
23:36 Husbandry
23:47 Bloodlines
23:58 Stone Mining
25:42 Heavy Plow
26:28 Scale Barding Armor
29:26 Hand Cart
32:34 Fletching
33:22 Iron Casting
JamonRush
8:42 Loom
11:29 Feudal Age
13:23 Town Watch
15:57 Castle Age
23:50 Husbandry
23:57 Scale Barding Armor
24:14 Double-Bit Axe
24:13 Horse Collar
26:11 Chain Barding Armor
26:55 Bloodlines
30:25 Wheelbarrow
Connection lost

Rejoining the realm…

Still unreachable

The connection could not be restored.

Session expired

The server has moved on; the page needs a fresh start.